 Dungeon Crawl Stone Soup version 0.21.1-1-g345015f (webtiles) character file.

6808 kae the Martial Artist (level 10, -2/82 HPs)
             Began as a Demonspawn Monk on Apr 23, 2018.
             Was an Elder of Wu Jian.
             Slain by a cyan ugly thing (4 damage)
             ... on level 10 of the Dungeon.
             The game lasted 00:15:16 (14335 turns).

kae the Martial Artist (Demonspawn Monk)           Turns: 14335, Time: 00:15:16

Health: -2/82      AC:  5    Str: 12    XL:     10   Next: 77%
Magic:  10/10      EV: 21    Int: 12    God:    Wu Jian [****..]
Gold:   642        SH:  0    Dex: 18    Spells: 9/9 levels left

rFire    . . .     SeeInvis .   j - +5 whip (venom)
rCold    + . .     Gourm    +   (no shield)
rNeg     + . .     Faith    .   w - +0 steam dragon scales
rPois    .         Spirit   .   (helmet restricted)
rElec    +         Reflect  .   (no cloak)
rCorr    .         Harm     .   (no gloves)
MR       .....                  (boots unavailable)
Stlth    ++........             d - amulet of the gourmand
HPRegen  0.23/turn              h - ring "Medghade" {rElec rC+ rN+}
MPRegen  0.12/turn              v - +3 ring of evasion

@: lethally poisoned (-2 -> -4)
A: antennae 1, claws 1, talons 3, demonic guardian 1
a: Wall Jump, Serpent's Lash, Renounce Religion


You were on level 10 of the Dungeon.
You worshipped Wu Jian.
Wu Jian was greatly pleased with you.
You were not hungry.

You visited 2 branches of the dungeon, and saw 11 of its levels.

You collected 642 gold pieces.

Inventory:

Hand Weapons
 f - a +0 club
 j - a +5 whip of venom (weapon)
Armour
 a - a +1 robe
 w - +0 steam dragon scales (worn)
Jewellery
 d - an amulet of the gourmand (around neck)
 h - the ring "Medghade" (left claw) {rElec rC+ rN+}
   (You found it on level 10 of the Dungeon)

   [ring of protection from cold]

   It protects you from cold.
   It insulates you from electricity.
   It protects you from negative energy.
 i - an uncursed amulet of magic regeneration
 r - an uncursed ring of protection from magic
 v - a +3 ring of evasion (right claw)
 x - an uncursed ring of protection from fire
 C - the ring "Ujoemmuf" {rN+ AC+4 Str-4 Dex+5, unknown}
   (You found it on level 10 of the Dungeon)

   [ring of protection]

   It affects your AC (+4).
   It affects your strength (-4).
   It affects your dexterity (+5).
   It protects you from negative energy.
Wands
 m - a wand of flame (64)
 y - a wand of clouds (4)
 z - a wand of polymorph (30)
 A - a wand of iceblast (6)
 E - a wand of digging (12)
Scrolls
 k - 3 scrolls of enchant armour
 l - 4 scrolls of teleportation
 s - 2 scrolls of remove curse
 t - a scroll of identify
Potions
 c - 3 potions of brilliance
 e - 2 potions of heal wounds
 g - a potion of magic
 n - 4 potions of curing
 o - a potion of mutation
 p - 2 potions of might
 q - a potion of berserk rage
 u - 2 potions of invisibility
 B - a potion of flight
Comestibles
 b - 28 rations


   Skills:
 + Level 8.8 Fighting
 + Level 8.1 Dodging
 - Level 1.7 Stealth
 * Level 11.0 Unarmed Combat


You had 9 spell levels left.
You didn't know any spells.

Dungeon Overview and Level Annotations

Branches:
Dungeon (10/15)            Temple (1/1) D:4            Lair (0/6) D:9
    Orc: D:9-12

Altars:
Ashenzari
Cheibriados
Dithmenos
Elyvilon
Fedhas
Gozag
Hepliaklqana
Kikubaaqudgha
Makhleb
Nemelex Xobeh
Okawaru
Qazlal
Ru
Sif Muna
Trog
Uskayaw
Vehumet
Wu Jian
Xom
Yredelemnul
Zin
The Shining One

Shops:
D:7 %

Annotations:
D:5 kae's ghost, novice DsMo
D:6 exclusion: hippogriff
D:9 exclusion: upstairs


Innate Abilities, Weirdness & Mutations

You have a pair of small antennae on your head.
You have sharp fingernails.
You have claws for feet.
A weak demonic guardian rushes to your aid.


Message History

The cyan ugly thing completely misses you.
You closely miss the cyan ugly thing. Your kick misses the cyan ugly thing.
The cyan ugly thing is lightly wounded.
The cyan ugly thing closely misses you.
You hit the cyan ugly thing.
The cyan ugly thing looks as sick as possible!
You claw the cyan ugly thing.
The cyan ugly thing is lightly wounded.
You feel sick. The cyan ugly thing engulfs you. The cyan ugly thing shocks you.
You resist.
You closely miss the cyan ugly thing. You claw the cyan ugly thing.
The cyan ugly thing is moderately wounded.
You feel sick. The cyan ugly thing engulfs you!
* * * LOW HITPOINT WARNING * * *
The cyan ugly thing shocks you. You resist.
* * * LOW HITPOINT WARNING * * *
The cyan ugly thing engulfs you!
* * * LOW HITPOINT WARNING * * *
The cyan ugly thing shocks you. You resist.
You die...

####### ......(
..##### .# # #
..## ..# # ###
#..# #...# ####.#
#...## #..
##5#u#.##
#...##### ####.#@#
#.# #...####
#..(.#####.#
##...†.(
####.#.#.#.#
##...####
#####.#.#)##
##...##
#.######.#.#
#...##
#.##.#####.###..##
#.#.#.###.##..###
#.#.#.##.##..## #
#.#.#.#.#..###


You could see a cyan ugly thing and a friendly white imp.

Vanquished Creatures
  An ugly thing (D:10)
  A centaur zombie (D:8)
  A gargoyle (D:10)
  A troll (D:9)
  A hippogriff (D:9)
  A wyvern (D:10)
  5 yaks (D:10)
  2 hungry ghosts
  A vampire mosquito (D:10)
  Edmund (D:6)
  2 orc warriors (D:9)
  A sky beast (D:9)
  A hornet zombie (D:7)
  An ice beast (D:6)
  A phantom (D:4)
  5 ogres
  3 centaurs
  A big kobold (D:8)
  An elf zombie (D:8)
  7 bullfrogs
  2 elf skeletons (D:8)
  3 scorpions
  A killer bee (D:10)
  7 wights
  A jelly (D:8)
  3 crimson imps
  4 hounds
  6 orc wizards
  2 human skeletons (D:8)
  3 orc priests
  2 iguanas
  Jessica (D:2)
  2 bullfrog skeletons (D:5)
  5 worker ants
  A killer bee zombie (D:6)
  A worker ant zombie (D:7)
  A gnoll (D:2)
  12 adders
  3 howler monkey skeletons
  3 shadow imps
  2 oozes
  A worm (D:4)
  2 dart slugs
  4 leopard geckos
  10 orcs
  5 giant cockroaches
  9 goblins
  9 hobgoblins
  16 jackals
  A quokka (D:7)
  2 ball pythons
  7 bats
  4 frilled lizards
  9 kobolds
  A leopard gecko zombie (D:8)
  An orc zombie (D:8)
  2 quokka skeletons
  9 rats
195 creatures vanquished.

Vanquished Creatures (collateral kills)
  A hippogriff (D:7)
  A steam dragon (D:8)
  An orc warrior (D:9)
  An ogre (D:9)
  2 phantoms
  A centaur (D:6)
  2 bullfrogs
  A water moccasin skeleton (D:6)
  5 wights
  An orc priest (D:6)
  An orc wizard (D:9)
  6 orcs
  A goblin (D:6)
24 creatures vanquished.

Grand Total: 219 creatures vanquished

Notes
Turn   | Place    | Note
-------+----------+-------------------------------------------
     0 | D:1      | kae the Demonspawn Monk began the quest for the Orb.
     0 | D:1      | Reached XP level 1. HP: 18/18 MP: 1/1
   643 | D:1      | Reached skill level 3 in Unarmed Combat
   725 | D:1      | Gained mutation: A weak demonic guardian rushes to your aid. [demonic ancestry]
   725 | D:1      | Reached XP level 2. HP: 10/24 MP: 2/2
  1945 | D:2      | Found a shimmering altar of Xom.
  1948 | D:2      | Found a bloodstained altar of Trog.
  1948 | D:2      | Found a burning altar of Makhleb.
  1951 | D:2      | Found a sparkling altar of Nemelex Xobeh.
  1983 | D:2      | Reached XP level 3. HP: 24/29 MP: 3/3
  2549 | D:2      | Noticed Jessica
  2556 | D:2      | Killed Jessica
  2556 | D:2      | Gained mutation: You have a pair of small antennae on your head. [demonic ancestry]
  2556 | D:2      | Reached XP level 4. HP: 14/35 MP: 4/4
  2852 | D:2      | Found a faded altar of an unknown god.
  2926 | D:2      | Found a glowing golden altar of the Shining One.
  3057 | D:2      | Reached skill level 4 in Unarmed Combat
  3068 | D:2      | Found an iron altar of Okawaru.
  3288 | D:3      | Found a shattered altar of Ashenzari.
  3618 | D:3      | You fall through a shaft for 3 floors!
  3618 | D:6      | Noticed a centaur
  3622 | D:6      | Gained mutation: You have sharp toenails. [demonic ancestry]
  3622 | D:6      | Reached XP level 5. HP: 42/42 MP: 5/5
  3637 | D:6      | Killed a centaur
  3637 | D:6      | Gained mutation: You have razor-sharp toenails. [demonic ancestry]
  3637 | D:6      | Reached XP level 6. HP: 26/48 MP: 6/6
  3897 | D:6      | Noticed a hippogriff
  3909 | D:6      | Reached skill level 5 in Unarmed Combat
  3988 | D:6      | Found a radiant altar of Vehumet.
  3990 | D:6      | Noticed an ice beast
  4002 | D:6      | Killed an ice beast
  4119 | D:6      | Noticed Edmund
  4131 | D:6      | Killed Edmund
  4131 | D:6      | Reached XP level 7. HP: 29/55 MP: 7/7
  4834 | D:5      | Entered Level 5 of the Dungeon
  4851 | D:5      | Reached skill level 5 in Fighting
  4851 | D:5      | Reached skill level 6 in Unarmed Combat
  5045 | D:5      | Found an ornate altar of the Wu Jian Council.
  5134 | D:5      | Noticed kae's ghost (novice DsMo)
  5911 | D:4      | Found a staircase to the Ecumenical Temple.
  5954 | Temple   | Entered the Ecumenical Temple
  6428 | D:4      | Gained mutation: You have sharp fingernails. [demonic ancestry]
  6428 | D:4      | Reached XP level 8. HP: 6/63 MP: 8/8
  6744 | D:4      | Reached skill level 5 in Dodging
  7181 | D:5      | Became a worshipper of the Wu Jian Council
  7181 | D:5      | Reached * piety under Wu Jian
  7181 | D:5      | Reached ** piety under Wu Jian
  7769 | D:5      | Reached skill level 7 in Unarmed Combat
  8680 | D:7      | Found a hide-covered altar of Uskayaw.
  8712 | D:7      | Noticed a hippogriff
  8726 | D:7      | Killed a hippogriff
  9050 | D:7      | Reached skill level 8 in Unarmed Combat
  9074 | D:7      | Found Laimakuf's Food Shoppe.
  9145 | D:7      | Reached XP level 9. HP: 11/71 MP: 9/9
  9654 | D:8      | Reached *** piety under Wu Jian
 10960 | D:8      | Reached skill level 9 in Unarmed Combat
 11993 | D:9      | Noticed a troll
 12013 | D:9      | Killed a troll
 12461 | D:9      | Found a staircase to the Lair.
 12583 | D:8      | Noticed a rust devil
 12583 | D:8      | Noticed a rust devil
 12591 | D:9      | Gained mutation: You have claws for feet. [demonic ancestry]
 12591 | D:9      | Reached XP level 10. HP: 76/80 MP: 10/10
 12784 | D:9      | Found a snail-covered altar of Cheibriados.
 12815 | D:9      | Reached skill level 10 in Unarmed Combat
 13393 | D:10     | Entered Level 10 of the Dungeon
 13412 | D:10     | Reached **** piety under Wu Jian
 13423 | D:10     | HP: 4/80 [wight/enchanted dire flail (7)]
 13929 | D:10     | Noticed a gargoyle
 13952 | D:10     | Killed a gargoyle
 14249 | D:10     | Got a fine silver ring
 14252 | D:10     | Noticed a cyan ugly thing
 14261 | D:10     | Identified the ring "Medghade" {rElec rC+ rN+} (You found it on level 10 of the Dungeon)
 14306 | D:10     | Got a serpentine glass ring
 14312 | D:10     | Noticed a green ugly thing
 14329 | D:10     | Killed a cyan ugly thing
 14329 | D:10     | Reached skill level 11 in Unarmed Combat
 14335 | D:10     | HP: 2/82 [cyan ugly thing (9)]
 14335 | D:10     | Slain by a cyan ugly thing

Skill      XL: |  1  2  3  4  5  6  7  8  9 10 |
---------------+-------------------------------+-----
Unarmed Combat | 3 4 5 6 8 9 11 | 11.0
Dodging        | 3 4 6 7 8 |  8.1
Fighting       | 4 5 6 7 8 |  8.8
Stealth        | |  1.7

Action                   |  1- 3 |  4- 6 |  7- 9 | 10-12 || total
-------------------------+-------+-------+-------+-------++-------
Melee: Club              |    74 |       |       |       ||    74
       Unarmed           |     4 |       |       |       ||     4
       Whip              |    45 |   133 |   540 |   195 ||   913
       Punch             |     1 |     4 |    24 |     9 ||    38
       Kick              |       |    23 |   197 |    56 ||   276
Invok: Whirlwind         |       |       |    20 |    23 ||    43
       Lunge             |       |       |    19 |     2 ||    21
       Wall Jump         |       |       |     6 |     4 ||    10
Evoke: Wand              |       |       |     2 |       ||     2
  Use: Scroll            |     1 |     8 |     8 |     7 ||    24
       Potion            |       |     1 |       |     1 ||     2
 Stab: Sleeping          |     4 |     6 |     8 |     3 ||    21
       Distracted        |     1 |     1 |     6 |     1 ||     9
  Eat: Chunk             |     5 |    18 |    30 |    10 ||    63
Armor: Robe              |    17 |    18 |    34 |       ||    69
       Steam dragon scal |       |       |    13 |    18 ||    31
       Skin              |       |       |       |    15 ||    15
Dodge: Dodged            |   107 |   102 |   400 |   137 ||   746
